 Dungeon Crawl Stone Soup version 0.30.1-11-g7821555f0a (webtiles) character file.

Game seed: 6437350612535725661

5723 octoduck the Destroyer (level 10, -6/56 HPs)
             Began as a Deep Elf Fire Elementalist on Dec 18, 2023.
             Was a Priest of Vehumet.
             Killed themself with a badly aimed concussive blast (18 damage)
             ... on level 8 of the Dungeon.
             The game lasted 00:44:34 (14160 turns).

octoduck the Destroyer (DEFE)                      Turns: 14160, Time: 00:44:36

Health: -6/56      AC:  6    Str:  5    XL:     10   Next: 48%
Magic:  6/16       EV: 22    Int: 25    God:    Vehumet [***...]
Gold:   208        SH:  0    Dex: 17    Spells: 4/15 levels left

rFire   . . .        p - +2 dagger (freeze)
rCold   . . .        (no shield)
rNeg    . . .        r - +1 robe {Will+}
rPois   +            I - +0 helmet
rElec   .            (no cloak)
rCorr   .            A - +1 pair of gloves of the Enchanted Forest {Dex+2}
SInv    .            (no boots)
Will    ++...        (no amulet)
Stlth   +++          h - ring of poison resistance
HPRegen 0.29/turn    F - +5 ring of evasion
MPRegen 0.15/turn

%: no passive effects
@: no status effects
A: no striking features
a: Renounce Religion


You were on level 8 of the Dungeon.
You worshipped Vehumet.
Vehumet was most pleased with you.
You visited 2 branches of the dungeon, and saw 10 of its levels.

You collected 456 gold pieces.
You spent 248 gold pieces at shops.

Inventory:

Hand Weapons
 p - a +2 dagger of freezing (weapon)
 v - a +2 vampiric dagger
Missiles
 u - 10 poisoned darts
 z - 8 curare-tipped darts
 C - 5 throwing nets
 L - 3 atropa-tipped darts
Armour
 a - a +0 robe
 l - a +2 pair of gloves
 r - a +1 robe of willpower (worn)
 A - the +1 pair of gloves of the Enchanted Forest (worn) {Dex+2}
   (You bought it in a shop on level 4 of the Dungeon)

   Dex:       It affects your dexterity (+2).
 I - a +0 helmet (worn)
Jewellery
 h - a ring of poison resistance (left hand)
 s - a +6 ring of intelligence
 F - a +5 ring of evasion (right hand)
 H - a +6 ring of intelligence
 K - a ring of flight
Wands
 q - a wand of paralysis (9)
 N - a wand of mindburst (14)
Scrolls
 d - a scroll of poison
 e - a scroll of fear {unknown}
 i - a scroll of enchant weapon
 k - a scroll of silence {unknown}
 m - a scroll of enchant armour {unknown}
 n - a scroll of torment {unknown}
 y - a scroll of magic mapping {unknown}
 D - a scroll of brand weapon {unknown}
 G - a scroll of amnesia {unknown}
 O - a scroll of acquirement {unknown}
Potions
 b - a potion of magic
 c - 4 potions of attraction
 j - 2 potions of heal wounds
 o - 7 potions of curing
 t - 2 potions of might
 w - a potion of berserk rage {unknown}
 x - a potion of ambrosia {unknown}
 B - a potion of degeneration {unknown}
 J - 2 potions of mutation
 M - a potion of flight {unknown}


   Skills:
 + Level 3.4 Fighting
 - Level 8.9 Dodging
 - Level 4.4 Stealth
 - Level 3.0 Spellcasting
 + Level 9.9 Conjurations
 - Level 6.3 Hexes
 - Level 4.6 Translocations
 + Level 8.1 Fire Magic


You had 4 spell levels left.
You knew the following spells:

 Your Spells              Type           Power      Damage    Failure   Level
a - Foxfire               Conj/Fire      100%       2x1d9     1%          1
b - Scorch                Fire           88%        2d9       1%          2
c - Volatile Blastmotes   Fire/Tloc      70%        2d15      1%          3
d - Flame Wave            Conj/Fire      48%        2d12      1%          4
e - Slow                  Hex            100%       N/A       1%          1

Your spell library contained the following spells:

 Spells                   Type           Power      Damage    Failure   Level
 Hailstorm                Conj/Ice       28%        3d8       1%          3
 Inner Flame              Hex/Fire       39%        N/A       1%          3
 Confusing Touch          Hex            35%        N/A       2%          3
 Vampiric Draining        Necr           3%         2d6       30%         3
 Yara's Violent Unravell  Hex/Tmut       9%         3d6       21%         5
 Alistair's Intoxication  Tmut/Pois      2%         N/A       95%         5
 Borgnjor's Vile Clutch   Necr/Erth      1%         N/A       95%         5
 Eringya's Noxious Bog    Tmut/Pois      1%         N/A       97%         6
 Enfeeble                 Hex            17%        N/A       100%        7


Dungeon Overview and Level Annotations

Branches:
Dungeon (9/15)             Temple (1/1) D:4            Lair (0/5) D:9
    Orc: D:9-12

Altars:
Ashenzari
Cheibriados
Dithmenos
Elyvilon
Fedhas
Gozag
Hepliaklqana
Makhleb
Nemelex Xobeh
Qazlal
Ru
Sif Muna
Trog
Vehumet
Wu Jian
Xom
Yredelemnul
Zin
The Shining One

Shops:
D:4 [   D:8 :

Annotations:
D:2 1 runed translucent door, Crazy Yiuf
D:8 exclusion: killer bee, Gastronok
D:9 exclusion: door


Message History

The killer bee attacks as you move away!
The killer bee stings you but does no damage.
You feel sick.
The centaur shoots an arrow.
The arrow hits you. The killer bee completely misses you.
The centaur shoots an arrow.
The arrow barely misses you.
You feel sick. The killer bee barely misses you.
The centaur shoots an arrow.
The arrow hits you.
You feel sick. The killer bee stings you.
* * * LOW HITPOINT WARNING * * *
As you read the scroll of identify, it crumbles to dust.
t - 2 potions of might You feel sick.
The killer bee completely misses you.
The killer bee stings you but does no damage.
The killer bee closely misses you.
The centaur shoots an arrow.
The arrow barely misses you.
The killer bee buzzes angrily.
Blink to where?
Press: ? - help, Dir - move target
As you read the scroll of blinking, it crumbles to dust.
You feel sick.
The killer bee buzzes angrily. x2
Blink to where?
Press: ? - help, Dir - move target
As you read the scroll of blinking, it crumbles to dust.
You feel sick.
Okay, then.
You feel sick.
You are no longer poisoned.
Okay, then.
Okay, then.
Casting: Flame Wave (dangerous; 2% risk of failure)
Confirm with . or Enter, or press ? or * to list all spells.
A cloud of volatile blastmotes flares up around you!
The cloud of blastmotes explodes!
The concussive blast engulfs the killer bee!!
You kill the killer bee!
Vehumet accepts your kill.
Vehumet is now aiding your destructive spells.
You feel your power returning. The concussive blast engulfs you!!
You die...

.............###.................
.............###................#
........y.y.............###.....#
........................##.......
............y............#.......
...y.............................
...................##...........)
...y...............##............
..........[.....@..##......).....
...................##....<.......
.................................
...................##............
############.......##............
#.......##............
#.......##............
##########.....####### #.....#


You could see 2 killer bees.

Vanquished Creatures
  Pikel (D:8)
  A kobold demonologist (D:9)
  Grinder (D:6)
  A hornet (D:9)
  Sigmund (D:6)
  A yak (D:8)
  A wyvern (D:8)
  A basilisk (D:8)
  2 steam dragons (D:7)
  Menkaure (D:5)
  An acid dragon (D:9)
  2 water moccasins
  3 orc warriors
  A black bear (D:5)
  2 ice beasts
  An ogre (D:4)
  2 centaurs (D:9)
  4 phantoms
  A lemure (D:8)
  3 kobold brigands
  2 bullfrogs
  A wyvern zombie (D:9)
  4 scorpions
  A wight (D:8)
  A gnoll sergeant (D:9)
  2 jellies
  7 killer bees (D:8)
  3 gnoll boudas
  8 orc priests
  3 hounds
  3 iguanas
  11 orc wizards
  14 gnolls
  9 adders
  A white imp (D:8)
  An ufetubus (D:4)
  An adder skeleton (D:2)
  5 worms
  A dart slug (D:5)
  40 orcs
  5 bats
  A bat skeleton (D:2)
  6 endoplasms
  3 giant cockroaches
  11 goblins
  6 hobgoblins
  4 jackals (D:2)
  16 kobolds
  A quokka (D:3)
  5 ball pythons
  A ball python zombie (D:2)
  3 frilled lizards
  A giant cockroach zombie (D:2)
  A jackal zombie (D:2)
  A quokka skeleton (D:2)
  2 quokka zombies (D:2)
  5 rats
221 creatures vanquished.

Vanquished Creatures (collateral kills)
  A foxfire (D:2)
1 creature vanquished.

Vanquished Creatures (others)
  460 foxfires
460 creatures vanquished.

Grand Total: 682 creatures vanquished

Notes
Turn   | Place    | Note
-------+----------+-------------------------------------------
     0 | D:1      | octoduck the Deep Elf Fire Elementalist began the quest for
                  | the Orb.
     0 | D:1      | Reached XP level 1. HP: 10/10 MP: 6/6
   478 | D:1      | Reached XP level 2. HP: 15/15 MP: 6/8
  1018 | D:1      | Learned a level 2 spell: Scorch
  1334 | D:2      | Reached skill level 2 in Conjurations
  1500 | D:2      | Reached XP level 3. HP: 19/19 MP: 5/9
  1691 | D:2      | Found a runed translucent door.
  1692 | D:2      | Noticed Crazy Yiuf
  1874 | D:2      | Learned a level 3 spell: Volatile Blastmotes
  2180 | D:2      | Reached XP level 4. HP: 24/24 MP: 7/10
  2494 | D:3      | Noticed a scorpion
  2667 | D:3      | Killed a scorpion
  2668 | D:3      | Reached skill level 3 in Conjurations
  2668 | D:3      | Reached XP level 5. HP: 9/28 MP: 2/11
  3144 | D:3      | Reached skill level 1 in Translocations
  3652 | D:4      | Found a staircase to the Ecumenical Temple.
  3652 | D:4      | Noticed a phantom
  4075 | Temple   | Entered the Ecumenical Temple
  4080 | Temple   | Became a worshipper of Vehumet
  4149 | D:4      | Killed a phantom
  4150 | D:4      | Reached XP level 6. HP: 28/32 MP: 5/12
  4225 | D:4      | Noticed an ice beast
  4300 | D:4      | Reached skill level 4 in Conjurations
  4624 | D:4      | Found Tekawam's Armour Shoppe.
  4637 | D:4      | Reached XP level 7. HP: 27/36 MP: 7/13
  5521 | D:5      | Entered Level 5 of the Dungeon
  5909 | D:5      | Reached skill level 5 in Conjurations
  5909 | D:5      | Reached skill level 5 in Fire Magic
  6068 | D:5      | Reached skill level 5 in Dodging
  6560 | D:5      | Noticed Menkaure
  6583 | D:5      | Killed Menkaure
  6584 | D:5      | Reached XP level 8. HP: 13/41 MP: 4/14
  6850 | D:5      | Reached skill level 6 in Conjurations
  7336 | D:4      | Bought the +1 pair of gloves of the Enchanted Forest
                  | {Dex+2} for 248 gold pieces
  7964 | D:6      | Found an ornate altar of the Wu Jian Council.
  8028 | D:6      | Reached * piety under Vehumet
  8028 | D:6      | Offered knowledge of Magic Dart by Vehumet.
  8061 | D:6      | Learned a level 4 spell: Flame Wave
  8338 | D:6      | Found a burning altar of Makhleb.
  8341 | D:6      | Noticed a cacodemon
  8345 | D:6      | Noticed Sigmund
  8352 | D:6      | Found a glowing silver altar of Zin.
  8353 | D:6      | Noticed an angel
  8527 | D:6      | Noticed Grinder
  8571 | D:6      | Killed Grinder
  8572 | D:6      | Reached skill level 7 in Conjurations
  8675 | D:6      | Reached XP level 9. HP: 29/45 MP: 10/15
  9294 | D:6      | Killed Sigmund
  9940 | D:7      | Found a hazy altar of Hepliaklqana.
 10235 | D:7      | Learned a level 1 spell: Slow
 10280 | D:7      | Reached skill level 1 in Hexes
 10847 | D:7      | Reached skill level 8 in Conjurations
 11147 | D:8      | Found a shadowy altar of Dithmenos.
 11244 | D:8      | Reached ** piety under Vehumet
 11244 | D:8      | Offered knowledge of Static Discharge by Vehumet.
 11448 | D:8      | Noticed Gastronok
 12049 | D:8      | Found a white marble altar of Elyvilon.
 12051 | D:8      | Found a snail-covered altar of Cheibriados.
 12054 | D:8      | Found an opulent altar of Gozag.
 12263 | D:8      | Reached skill level 1 in Fighting
 12548 | D:9      | Noticed Pikel
 12562 | D:8      | Reached skill level 5 in Hexes
 12785 | D:8      | Killed Pikel
 12786 | D:8      | Reached skill level 9 in Conjurations
 12786 | D:8      | Reached XP level 10. HP: 22/53 MP: 11/16
 13278 | D:8      | Offered knowledge of Hailstorm by Vehumet.
 13520 | D:9      | Found a staircase to the Lair.
 14081 | D:9      | Noticed an orange demon
 14148 | D:8      | Found Lanwumnu's Vocational Training.
 14160 | D:8      | Reached *** piety under Vehumet
 14160 | D:8      | Killed themself with a badly aimed concussive blast

Illustrated notes

Levels and vault maps discovered:
D:1:      beargit_arrival_greenhouse, layout_basic
D:2:      layout_rooms, serial_undead, serial_undead_a, serial_undead_e,
          serial_undead_f, serial_undead_e, serial_undead_b, serial_undead_e,
          uniq_crazy_yiuf_cottage
D:3:      layout_loops_ring, serial_bayou, serial_bayou_lake_a,
          serial_bayou_pond_e, serial_bayou_pond_d, serial_bayou_crossing,
          serial_bayou_shore_b, serial_bayou_pond_b, kennysheep_generic_room_6
D:4:      layout_basic, minmay_temple_entry_arrows, serial_rivers,
          chequers_serial_rivers_large_a, chequers_serial_rivers_micro_a,
          chequers_serial_rivers_large_b, chequers_serial_rivers_small_b,
          serial_shops, shop, minivault_11, hangedman_decor_slide_cut
D:5:      layout_basic, serial_corexii_hall, chequers_hall_statues_corner_a,
          corexii_hall_statues_l, uniq_menkaure
D:6:      layout_cave_pods, grunt_temple_overflow_order_and_chaos_2,
          mainiacjoe_overflow_24_doors, grunt_ministairs_6, uniq_grinder,
          uniq_sigmund
D:7:      layout_rooms, mainiacjoe_overflow_paths, kennysheep_generic_room_10
D:8:      layout_basic, grunt_temple_overflow_diamond,
          nicolae_dithmenos_shadow_blocks, nicolae_shop_vocational,
          uniq_gastronok
D:9:      minmay_four_partial_circles, layout_cave_pools,
          lemuel_mausoleum_altar_kikubaaqudgha, mainiacjoe_overflow_chevrons,
          david_lair_generic, uniq_pikel, uniq_harold
Temple:   nicolae_temple_ecumenical_triangle

Skill      XL: |  1  2  3  4  5  6  7  8  9 10 |
---------------+-------------------------------+-----
Stealth        | 3 4 |  4.4
Conjurations   | 2 3 4 5 7 9 |  9.9
Fire Magic     | 4 5 7 8 |  8.1
Translocations | 2 4 |  4.6
Dodging        | 3 4 5 7 8 |  8.9
Hexes          | 5 6 |  6.3
Fighting       | 2 3 |  3.4
Spellcasting   | |  3.0

Action                     |  1- 3 |  4- 6 |  7- 9 | 10-12 || total
---------------------------+-------+-------+-------+-------++-------
  Melee: Dagger            |       |       |    21 |     8 ||    29
   Cast: Foxfire           |    65 |    58 |   123 |    28 ||   274
         Scorch            |     8 |    26 |    60 |    15 ||   109
         Volatile Blastmot |       |       |    71 |    15 ||    86
         Slow              |       |       |    18 |    22 ||    40
         Flame Wave        |       |       |     1 |     4 ||     5
    Use: Scroll            |     4 |     3 |     3 |     8 ||    18
         Potion            |       |       |     1 |     2 ||     3
 Armour: Robe              |     6 |    12 |    16 |     7 ||    41
  Dodge: Dodged            |    19 |    32 |   181 |   141 ||   373
